 Dungeon Crawl Stone Soup version 0.15.2 (webtiles) character file.

86 4tharraofdagon the Ducker (level 4, -1/23 HPs)
             Began as a Spriggan Skald on Jan 21, 2015.
             Killed from afar by an orc wizard (4 damage)
             ... with a magic dart
             ... on Level 4 of the Dungeon.
             The game lasted 00:06:45 (1037 turns).

4tharraofdagon the Ducker (Spriggan Skald)          Turns: 1037, Time: 00:06:45

HP  -1/23        AC  2     Str  8      XL: 4   Next: 27%
MP   8/12        EV 19     Int 14      God:
Gold 66          SH  0     Dex 15      Spells:  2 memorised,  4 levels left

rFire  . . .     SeeInvis +     a - +0 spear
rCold  . . .     Clarity  .     b - +0 robe
rNeg   . . .     rCorr    .     (shield restricted)
rPois  .         rRot     .     (helmet restricted)
rElec  .         Spirit   .     (no cloak)
SustAb .         Warding  .     (gloves unavailable)
rMut   .         Stasis   .     (boots unavailable)
Gourm  .                        (no amulet)
MR     .....                    (no ring)
                                (no ring)

@: infused (expiring), very slightly contaminated, hasted, very quick, not
resistant to hostile enchantments, very unstealthy
A: unfitting armour, see invisible, herbivore 3, speed 3, slow metabolism 2
a: no special abilities


You were on level 4 of the Dungeon.
You were not hungry.

You visited 1 branch of the dungeon, and saw 4 of its levels.

You collected 66 gold pieces.

Inventory:

Hand weapons
 a - a +0 spear (weapon)
Armour
 b - a +0 robe (worn)
 k - a +0 cloak
 r - a cursed +0 pair of gloves
Comestibles
 f - 3 fruits
 m - a royal jelly
Scrolls
 e - 2 scrolls of identify {unknown}
 h - a scroll of immolation {unknown}
 l - 2 scrolls of remove curse {unknown}
 o - a scroll of fog {unknown}
 q - a scroll of blinking {unknown}
 s - a scroll of recharging {unknown}
Potions
 d - a potion of porridge
 g - a potion of haste
 j - a potion of confusion {unknown}
 n - a potion of might {unknown}
 p - a potion of invisibility {unknown}
Books
 c - a book of Battle

   Spells                             Type                      Level
   *Infusion                          Charms                       1
   Shroud of Golubria                 Charms/Translocation         2
   Song of Slaying                    Charms                       2
   Spectral Weapon                    Hexes/Charms                 3
   *Regeneration                      Charms/Necromancy            3


   Skills:
 + Level 2.8 Fighting
 - Level 1.3 Polearms
 + Level 4.8 Dodging
 - Level 2.6 Spellcasting
 - Level 4.4 Charms


You had 4 spell levels left.
You knew the following spells:

 Your Spells              Type           Power        Failure   Level  Hunger
a - Infusion              Chrm           ##....       3%          1    #......
b - Regeneration          Chrm/Necr      #.........   30%         3    ####...


Dungeon Overview and Level Annotations

Branches:
Dungeon (4/15)
 Temple: D:4-7

Altars:
Kikubaaqudgha

Annotations:
D:3 4tharraofdagon's ghost, weakling HEBe


Innate Abilities, Weirdness & Mutations

You are tiny and cannot use many weapons and most armour.
You have supernaturally acute eyesight.
You are a herbivore.
You cover ground extremely quickly.
You need consume almost no food.


Message History

You completely miss the orc wizard.
The orc wizard is heavily wounded.
The orc wizard misses you.
Unknown command.
You barely miss the orc wizard.
The orc wizard is heavily wounded.
The orc wizard hits you with a dagger.
* * * LOW HITPOINT WARNING * * *
Unknown command.
You hit the orc wizard.
The orc wizard is almost dead.
Your magical infusion is running out.
The orc wizard hits you but does no damage.
Unknown command.
You barely miss the orc wizard.
The orc wizard is almost dead.
The orc wizard barely misses you.
The orc wizard points at you and mumbles some strange words.
The magic dart hits you!
You die...

#.......#.# .###
#######.#.# ....##
##....
#....#######....#
#.#..#......###.
#......#######.. #.
####.>...# #..
#...#########.#.######.
#....o@)...............
#...#######.#...#######
#. #...###...# #.###
.#.# #. .#.# . # .## ##
..# ..# ## #.#


You could see an orc wizard.

Vanquished Creatures
  A worker ant (D:4)
  3 worms
  An ooze (D:1)
  4 orcs
  A ball python (D:1)
  4 bats
  2 goblins (D:2)
  9 hobgoblins
  2 jackals (D:3)
  5 giant newts
  A quokka (D:3)
  3 rats
36 creatures vanquished.

Vanquished Creatures (others)
  A human (D:2)
1 creature vanquished.

Grand Total: 37 creatures vanquished

Notes
Turn   | Place    | Note
--------------------------------------------------------------
     0 | D:1      | 4tharraofdagon, the Spriggan Skald, began the quest for the Orb.
     0 | D:1      | Reached XP level 1. HP: 10/10 MP: 4/4
   101 | D:1      | Reached XP level 2. HP: 10/15 MP: 7/7
   242 | D:2      | Found an ancient bone altar of Kikubaaqudgha.
   242 | D:2      | Noticed a human
   247 | D:2      | Killed a human
   446 | D:3      | Noticed 4tharraofdagon's ghost (weakling HEBe)
   495 | D:4      | Reached XP level 3. HP: 18/18 MP: 3/9
   659 | D:3      | Learned a level 3 spell: Regeneration
   988 | D:4      | Reached XP level 4. HP: 23/23 MP: 8/12
  1029 | D:4      | HP: 1/23 [orc wizard/puff of frost (9)]
  1037 | D:4      | Killed from afar by an orc wizard

Action                   |  1- 3 |  4- 6 || total
-------------------------+-------+-------++-------
Melee: Spear             |   146 |    19 ||   165
 Cast: Infusion          |     7 |     1 ||     8
  Use: Potion            |       |     2 ||     2
